[Event "44th Chess Olympiad Open 2022"]
[Site "Chennai"]
[Date "2022.07.31"]
[Round "3.11"]
[White "Georgiadis, Nico"]
[Black "Gukesh D"]
[Result "0-1"]
[WhiteElo "2578"]
[BlackElo "2684"]
[Annotator "TA"]
[PlyCount "74"]
[EventDate "2022.??.??"]
[TimeControl "60"]

1. e4 c5 2. Nf3 Nc6 3. d4 cxd4 4.
Nxd4 e6 5. a3 {[%emt 0:00:09] [#]} e5 $146 ({Predecessor:} 5... Nf6 6. Nc3 Qc7 7. Be3 a6 8. Be2 b5 9. O-O
Bb7 10. f3 Be7 11. Qd2 O-O 12. Rad1 d6 13. f4 Na5 14. e5 dxe5 15. fxe5 Nd5 16.
Nxd5 Bxd5 17. b3 Rad8 18. Bf4 Be4 19. b4 {0-1 (61) Valle Maytin,L (2284)
-Jakubowski,K (2497) Chess.com INT 2021}) 6. Nb5 {[%emt 0:04:49] B44: Sicilian:
Taimanov: 5 Nb5.} d6 $1 7. c4 Nf6 8. Bd3 {[%emt 0:04:59] The position is equal.} g6 9.
O-O Bg7 10. Bg5 O-O 11. N5c3 h6 12. Bxf6 Bxf6 13. Ne2 Bg7 14. Nbc3 f5 15. exf5 gxf5 16. Bc2 Be6 {[%emt 0:05:46] Inhibits
Qd5.} 17. Nd5 Rc8 18. Qd2 (
18. b3 $15) 18... Na5 $1 $17 19. b3 b5 $1 20. Rad1 bxc4 21. b4 Nc6 22. Rfe1 Qd7
$1 23. Ba4 {[%emt 0:06:52] [#]} Qf7 $1 24.
Bxc6 Rxc6 25. Nec3 Kh8 (25... e4 $17 26. Nf4 Be5) 26. f4 ({Better is
} 26. Qe3 $15) 26... a5 27. Qe3 (27. b5 $142
Rcc8 28. Nb6) 27... e4 {[%emt 0:01:42] ...Bxd5 is the strong threat.} 28. Rd2 (28. g4 $17) 28... Bxd5 $19 29. Rxd5 axb4 30. axb4 {[%emt 0:00:04] [#]} Ra6 $1 {[%emt 0:00:
03] White must now prevent ...Ra3.} 31. Rc1 Rb8 32. g4 fxg4 33. Qxe4 (
33. b5 $142 Ra3 34. Rxd6) 33... Rxb4 {[%emt 0:01:08] Strongly threatening ...
Bxc3.} 34. Rf5 $2 (34. Rd2) 34... Qa7+ {[%emt 0:00:50] Black
is clearly winning.} 35. Kf1 Ra1 36. Ne2 Rxc1+ 37. Nxc1 Qa1 {[%emt 0:
00:30] Weighted Error Value: White=0.60/Black=0.06 (flawless)} 0-1

[Event "44th Chess Olympiad Open 2022"]
[Site "Chennai"]
[Date "2022.07.31"]
[Round "3.11"]
[White "Pelletier, Yannick"]
[Black "Praggnanandhaa R"]
[Result "0-1"]
[WhiteElo "2551"]
[BlackElo "2648"]
[Annotator "RC"]
[PlyCount "134"]
[EventDate "2022.??.??"]
[TimeControl "60"]

1. d4 Nf6 2. c4 e6 3. Nf3 d5 4. Nc3 dxc4 5. e4 b5 6. e5 Nd5 7. Nxb5 Nb6 8. Be2 Nc6 9. O-O Be7 10. Qd2 Qd7 11. Nc3 Bb7 12. Rd1 Nb4 13.
Qf4 f5 14. exf6 gxf6 15. Qh6 O-O-O 16. Bf4 Nd3 17. Bg3 Nxb2 18. Rdc1 N2a4 19. Rab1 Nxc3 20. Rxc3 Qc6 21. Bf1 Rd7 22. Qc1 Ba6 23. a4 Rd5 24. Rc2 Rhd8 25. Nd2 Rxd4 26. a5 Na4 27. Nxc4 Bxc4 28. Rxc4 Rxc4 29. Bxc4 Nc5 30. Be2 Bd6 31. Qb2 a6 32. Qxf6 Rf8 33. Qb2 Na4 34. Qb3 Nc5 35. Qe3 Kd7 36. Bf3 Qa4 37. Qc3 Rf7 38. Ra1 Qb3 39. Qd4 Qd3 40. Qh8 Ne4 41. Bxd6 Nxd6 42. Qa8 Qc3 43. Rd1 Qxa5 44. h3 Ke7 45. Rc1 Kd7 46. Bc6+ Ke7 47. Bf3 Kd7 48. Qc6+ Kd8 49. Bg4 Re7 50. Rb1 Re8 51. Rb8+ Ke7 52. Rxe8+ Nxe8 53. Qxe6+ Kf8 54. Qh6+ Ng7 55. Qf6+ Kg8 56.
Bf3 Qb5 57. Qe7 Qb1+ 58. Kh2 Qb8 59. Bd5+ Kh8 60. Qe5 a5 61. Bf7 Qb6 62. f4 Qd6 63. Qe4 c6 64. Bb3 Qb4 65. Qe3 a4 66.
Bc2 a3 67. Qd3 Qxf4+ 0-1

[Event "44th Chess Olympiad Open 2022"]
[Site "Chennai"]
[Date "2022.07.31"]
[Round "3.12"]
[White "Sargissian, Gabriel"]
[Black "Amin, Bassem"]
[Result "1/2-1/2"]
[WhiteElo "2698"]
[BlackElo "2680"]
[Annotator "TA"]
[PlyCount "88"]
[EventDate "2022.??.??"]
[TimeControl "60"]

1. d4 Nf6 2. c4 g6 3. Nc3 Bg7 4. e4 d6 5. Nf3 O-O 6. Be2 e5 7. O-O Bg4 8. dxe5 {[%emt 0:04:14] E94:
King's Indian: Classical: 6 Be2 e5 7 0-0: Various Black 7th moves.} (8. d5 {
with more complications.} a5 9. h3 Bxf3 10. Bxf3 Nfd7 11. Qc2) 8... Bxf3 9. exf6 Bxe2 10. Qxe2 Qxf6 11. Nd5 Qd8 {[%emt 0:00:
00] [#]} 12. Be3 $146 ({Predecessor:} 12. Bf4 Nd7 13. Rad1 Re8
14. Rfe1 a5 15. Qd2 Nc5 16. f3 c6 17. Nc3 Be5 18. b3 {1-0 (33) Thybo,J (2590)
-Tutisani,N (2442) Terme Catez 2022}) 12... c6 13. Nc3 Qe7 (13... Bxc3 $5 14. bxc3 Qe7 $11) 14. Rad1 Bxc3 15. bxc3 Nd7 16. Bf4 Rfe8 17. f3 Ne5 18. Rd4 Rad8 19. Rfd1 b6 20. a4 f6 21. Qd2 Qf7 22. Qe2 (22.
Bxe5 $14 fxe5 23. Rxd6 Rxd6 24. Qxd6) 22... Qe6 23. a5 bxa5 24. Qa2 Rd7 25. Bxe5 fxe5 {[%emt 0:04:18] The position is equal.} ({
Much less strong is} 25... Qxe5 26. c5+ Kg7 27. Qa3 $16 (27. Qxa5 Rde7 $14) (
27. cxd6 Qc5 $14)) 26. R4d3 Rb8 27. Qa4 c5 28. Rd5 Rb6 29. Qxa5 Rdb7 30. Qa4 Kf7 31. R5d2 Ke7 32. Ra2 Qf7 33. Re2 Qe8 34. Qa1 Qf7 35. Ra2 Qxc4 36. Rxa7 Qe2 37. Rxb7+ Rxb7 $11 {[%emt 0:00:01] Endgame KQR-KQR} 38. Re1 Qd2 {[%emt 0:00:50] [#] ( -> ...Rb2)} 39. Rd1 Qc2 {
[%emt 0:01:28] Hoping for ...Rb2.} 40. Kh1 Kd7 41. h3 Rb2 42. Qa7+ Ke6 {[%emt 0:00:23][%csl Gb2][%cal Rc2g2] [#]} 43. Rg1 {
[%emt 0:00:10] Chess con chili.} Rb1 44. Qxh7 Rxg1+ {[%emt 0:00:14] Weighted Error Value: White=0.04 (flawless) /Black=0.04 
(flawless)} 1/2-1/2

[Event "44th Chess Olympiad Open 2022"]
[Site "Chennai"]
[Date "2022.07.31"]
[Round "3.12"]
[White "Petrosyan, Manuel"]
[Black "Fawzy, Adham"]
[Result "1/2-1/2"]
[WhiteElo "2610"]
[BlackElo "2471"]
[Annotator "RC"]
[PlyCount "155"]
[EventDate "2022.??.??"]
[TimeControl "60"]

1. d4 Nf6 2. c4 g6 3. Nc3 d5 4. cxd5 Nxd5 5. e4 Nxc3 6. bxc3 Bg7 7. Bc4 c5 8. Ne2 Nc6 9. Be3 O-O 10. O-O Bg4 11. f3 Na5 12. Bd3 cxd4 13.
cxd4 Be6 14. Rc1 Bxa2 15. Qa4 Be6 16. d5 Bd7 17. Qb4 b5 18.
Nd4 Nc4 19. Bxc4 a5 20. Qa3 bxc4 21. Rxc4 a4 22. Rfc1 Rb8 23. Qc5 Rc8 24. Qb4 Rxc4 25. Rxc4 Qb8 26. Qxe7 Qb1+ 27. Kf2 Qa2+ 28. Rc2 Qb1 29. Rd2 Qb7 30. Qc5 Ra8 31. Nc6 a3 32. Qc4 Qb1 33. Qa2 Qh1 34. Bd4 Bxd4+ 35. Nxd4 Qxh2 36. Qb1 Rb8 37. Qa1 Bh3 38. Ke3 Bxg2 39. Qxa3 Qg1+ 40. Rf2 h5 41. d6 Bh3 42. Qc3 Rc8 43. Qd2 Ra8 44. e5 Ra3+ 45. Ke4 Qb1+ 46. Qc2 Qe1+ 47. Qe2 Qc3 48. Qd2 Qc4 49. Qb2 Rc3 50. Rd2 g5 51. Qb5 Qc8 52. Rb2 Qa8+ 53.
Qb7 Qa1 54. d7 Bxd7 55. Qxd7 Qxb2 56. Qe8+ Kh7 57. Qxf7+ Kh8 58. Qf8+ Kh7 59. Qf7+ Kh8 60. Qxh5+ Kg8 61.
Qxg5+ Kh8 62. Qh6+ Kg8 63. Qg6+ Kh8 64. Qf6+ Kh7 65. Qe7+ Kh8 66. Qd8+ Kh7 67. Qd7+ Kh8 68. Qd8+ Kh7 69. Qe7+ Kh8 70. e6 Qb1+ 71. Ke5 Qb8+ 72. Kf5 Rc7 73. Qf6+ Kg8 74. e7 Qb1+ 75. Kg4 Qg1+ 76. Kf5 Qb1+ 77. Kg4 Qg1+ 78. Kf5 1/2-1/2

[Event "44th Chess Olympiad Open 2022"]
[Site "Chennai"]
[Date "2022.07.31"]
[Round "3.12"]
[White "Adly, Ahmed"]
[Black "Melkumyan, Hrant"]
[Result "1/2-1/2"]
[WhiteElo "2582"]
[BlackElo "2634"]
[Annotator "RC"]
[PlyCount "70"]
[EventDate "2022.??.??"]
[TimeControl "60"]

1. d4 d5 2. Nf3 Nf6 3. c4 e6 4. Nc3 c5 5. cxd5 cxd4 6. Qxd4 exd5 7. e4 dxe4 8. Qxd8+ Kxd8 9. Ng5 Be6 10. Nxe6+ fxe6 11. Bg5 Ke8 12. Bb5+ Kf7 13. Ke2 Be7 14. Rhd1 Rc8 15. Rac1 Nc6 16. h3 a6 17. Ba4 b5 18. Bc2 h6 19. Be3 Nb4 20. Bb1 Nbd5 21. Nxe4 Nxe3 22. Kxe3 Nxe4 23. Bxe4 Rab8 24. Rxc8 Rxc8 25. Rd7 Kf6 26.
Ke2 Rc4 27. Bd3 Ra4 28. Bb1 Rc4 29. Ra7 Rc6 30. Be4 Rd6 31.
Ra8 Bd8 32. Bb7 a5 33. Ba6 b4 34. Bc4 Bb6 35. Rf8+ Ke5 1/2-1/2

[Event "44th Chess Olympiad Open 2022"]
[Site "Chennai"]
[Date "2022.07.31"]
[Round "3.12"]
[White "Hesham, Abdelrahman"]
[Black "Hovhannisyan, Robert"]
[Result "0-1"]
[WhiteElo "2386"]
[BlackElo "2591"]
[Annotator "RC"]
[PlyCount "245"]
[EventDate "2022.??.??"]
[TimeControl "60"]

1. d4 d5 2. c4 c6 3. Nf3 Nf6 4. e3 Bf5 5. Nc3 e6 6. Nh4 Bg6 7. Qb3 Qc7 8.
Nxg6 hxg6 9. Bd2 Nbd7 10. cxd5 exd5 11. h3 Be7 12. Bd3 O-O 13. O-O Nb6 14. Rfc1 Qd7 15. Be1 Rfe8 16. f3 Bd6 17. Bf2 Bc7 18. e4 dxe4 19. fxe4 Bg3 20. Bxg3 Qxd4+ 21. Bf2 Qxd3 22. Bxb6 axb6 23. Qxb6 Qg3 24. Rf1 Re7 25. Rad1 Qe5 26. Rd8+ Rxd8 27. Qxd8+ Kh7 28. Qd3 Kg8 29. Qd8+ Kh7 30. Qd3 Rd7 31. Qe3 Kg8 32. Rf2 Re7 33. Re2 Nd5 34. Qf3 Qd4+ 35. Kh1 Nxc3 36. bxc3 Qd1+ 37. Kh2 Qd6+ 38. Qg3 Qe5 39. Rd2 Qxe4 40. Rd4 Qe6 41. Rd8+ Re8 42. Qb8 Kf8 43. c4 Rxd8 44. Qxd8+ Qe8 45. Qc7 b5 46. cxb5 cxb5 47. Kg3 Kg8 48. Kf2 f6 49. a4 bxa4 50. Qc4+ Kf8 51. Qb4+ Kf7 52. Qc4+ Ke7 53. Qe4+ Kf7 54. Qc4+ Qe6 55. Qxa4 g5 56. Qd4 Kg6 57. Qd8 Qe4 58. Kg1 Qe3+ 59. Kh1 Qe1+ 60. Kh2 Qe6 61. Kh1 Qf7 62. Qd6 Qe8 63. Qd3+ Kh6 64. Kh2 Qe7 65. Kh1 Qc7 66. Qd5 Qc1+ 67. Kh2 Qf4+ 68. Kh1 Qh4 69. Qd8 Qe4 70. Qd7 Kh7 71. Kh2 Qh4 72. Kg1 Kh6 73. Kh2 Qe1 74. Qc8 Qe7 75. Kh1 Kg6 76. Kh2 Kf7 77. Qc4+ Qe6 78. Qc7+ Kg6 79. Qd8 g4 80. hxg4 Qxg4 81. Qe8+ Kg5 82. Qd8 Qf4+ 83. Kg1 Qe3+ 84. Kh2 Qf4+ 85. Kg1 Kh4 86. Qd7 Qg4 87. Qd3 Kg5 88. Qd5+ Qf5 89. Qf7 Qc5+ 90. Kh1 Qc1+ 91. Kh2 Qf4+ 92. Kh1 Qh4+ 93. Kg1 Qd4+ 94. Kf1 Qd1+ 95. Kf2 Qd4+ 96. Kf1 g6 97. Qb7 Qe3 98. Qc6 Kf5 99. Qc2+ Qe4 100. Qc8+ Kf4 101. Kg1 Qd4+ 102. Kh2 Qe5 103. Kg1 g5 104. Qc4+ Ke3 105. Qb3+ Kd2 106.
Qa2+ Kc1 107. Qa3+ Kc2 108. Qa2+ Qb2 109. Qc4+ Qc3 110. Qe2+ Kc1 111. Qf1+ Kd2 112. Qf2+ Kd1 113. Kh2 Qe5+ 114.
Kh3 Qe4 115. Qf1+ Kd2 116. Qf2+ Qe2 117. Qf5 Qh5+ 118. Kg3 Qh4+ 119. Kf3 Qd4 120. Qa5+ Kd1 121. Qf5 Ke1 122.
Qa5+ Qd2 123. Qf5 0-1

[Event "44th Chess Olympiad Open 2022"]
[Site "Chennai"]
[Date "2022.07.31"]
[Round "3.13"]
[White "Tabatabaei, M. Amin"]
[Black "Djukic, Nikola"]
[Result "1/2-1/2"]
[WhiteElo "2664"]
[BlackElo "2526"]
[Annotator "TA"]
[PlyCount "115"]
[EventDate "2022.??.??"]
[TimeControl "60"]

1. c4 g6 2. Nc3 c5 3. g3 Bg7 4. Bg2 Nc6 5. Nf3 e6 6. d4 cxd4 7. Nb5 d5 8. cxd5 exd5 9. O-O Nf6 {[%emt 0:00:
00] A04: Unusual lines after 1 Nf3 and King's Indian Attack.} 10. Nbxd4 O-O 11. Nxc6 bxc6 12. Be3 Re8 13. Bd4 {
[%emt 0:01:02] [#]} Ba6 $146 ({Predecessor:} 13... Qd6 14. Rc1
a5 15. Re1 Bd7 16. Nd2 a4 17. e4 Qb4 18. Bc3 Qb5 19. exd5 cxd5 20. Rxe8+ Rxe8 {
½-½ (41) Issler,C (2515)-Joffe,M (2660) Sweden 1994}) 14. Re1 Ne4 15. Rc1 Rc8 16. Bh3 Rc7 17. Bxg7 Kxg7 18. Qa4 Bc8 19. Bxc8 Qxc8 20. Qd4+ f6 21. b4 Qa6 (21... a5 $5) 22. Rc2 Nd6 23. Qc5 Ne4 24. Qd4 Nd6 25. Qd3 Qb6 26. Rec1 ({Reject} 26. Qd4 Nc4 $11) 26... Re4 (26... Nc4 $5 ) 27. e3 Nc4 28. Nd4 {[%emt 0:01:40] Black must now prevent Rxc4.} (28. b5 $5) 28...
Re8 29. Rxc4 dxc4 30. Qxc4 Rce7 31. a3 {[%emt 0:02:27][%cal Ya2a3,Ya3a4,
Ya4a5] White is more active.} h5 32. Qxc6 (
32. a4 {feels hotter.} a6 33. h4 Rb8 34. Rd1) 32... Qxc6 33.
Rxc6 $16 {[%emt 0:00:05] Endgame KRR-KRN} Rd7 (33... Rb8 $1
$11) 34. b5 Kf7 35. a4 Rb8 36. Kf1 Rb6 (36... Rbb7 $14 {
feels stronger.}) 37. Rc8 $1 Rbb7 38. Ke2 a6 39. bxa6 Rb4 (39... Rb2+ $16 40. Kf3 Ra2) 40. a5 $18 Ra7 41. Rc6 Ra4 $2 {[%emt 0:06:35] [#]} (41... Kg8 {was
worth a try.} 42. Rd6 Kg7) 42. Nb3 $2 (42. Rb6 $1 $18 {
[%cal Rb6b7] Strongly threatening Rb7+.} Ke8 43. Nb5 (43. Rb8+ Kd7 $11)) 42...
g5 43. h3 Ra2+ {[%emt 0:00:00] [#]} 44. Kf3 ({White should play} 44. Kd3 $1 $16) 44... g4+ $1 $14 45. hxg4 hxg4+ 46. Kxg4 (46. Ke4 $1 $14) 46... Rxf2 $11 47. Nd4 Ra8 48. Nf3 Ra2 49. Rc7+ Ke8 50. Rc6 Kf7 51. Rc7+ Ke8 52. Nd4 Rxa5 53. Nc6 Rg5+ 54. Kf4 Rxa6 {[%emt 0:00:06] ...Rc5 is the strong threat.} 55. Nd4 Ra1 56. Nf3 Ra4+ 57. Nd4 Ra1 58. Ke4 {[%emt 0:00:30]
Blacks defense is rewarded with a draw. Weighted Error Value: White=0.27 
(precise) /Black=0.17 (very precise)} (58. Nf3 $11 {keeps the balance.})
1/2-1/2

[Event "44th Chess Olympiad Open 2022"]
[Site "Chennai"]
[Date "2022.07.31"]
[Round "3.13"]
[White "Kadric, Denis"]
[Black "Maghsoodloo, Parham"]
[Result "0-1"]
[WhiteElo "2554"]
[BlackElo "2701"]
[Annotator "TA"]
[PlyCount "58"]
[EventDate "2022.??.??"]
[TimeControl "60"]

1. e4 c5 2. Nc3 Nc6 3. Nge2 Nd4 4. d3 g6 5. Nxd4 cxd4 6. Ne2 {[%emt 0:
00:00] B23: Closed Sicilian: Lines without g3.} Bg7 7. c3 {
[%emt 0:00:15] [#]} e5 $146 ({Predecessor:} 7... dxc3 8. Nxc3
d6 9. d4 Nf6 10. Be2 O-O 11. O-O e5 12. Be3 Bd7 13. Rc1 exd4 14. Bxd4 {½-½ 
(57) Ponomariov,R (2673)-Moiseenko,A (2561) Kharkov 2001}) 8. cxd4 {[%emt 0:00:
00] White has an edge.} exd4 9. Qa4 Nf6 10. Bg5 h6 11. Bh4 g5 $1 12. Bg3 {[%emt 0:00:02] And now Bd6 would win.}
O-O 13. Bd6 (13. Nxd4 d5 14. Ne2 Qb6 $15)
13... Re8 14. Ng3 (14. Qa3 $14) 14... Re6 $1
$15 ({Don't play} 14... Qb6 15. Qa3 $11) 15. Nf5 Ne8 $1 16. Nxg7 Nxg7 17. Ba3 ({Avoid the trap} 17.
Qxd4 $2 Nf5 18. Qc3 Nxd6 $19) 17... d5 18. f3 {[%emt 0:00:00]
[#] Loses the game.} ({Don't go for} 18. Qxd4 $2 Nf5 19. Qc3 dxe4 $19) (18. Be2
$17) 18... Nf5 $1 $19 19. Kf2 Bd7 20. Qb4 a5 21. Qd2 Ne3 {[%emt 0:00:19] aiming for ...Rc6.} 22. Be2 Qf6 23. Rhc1 dxe4 24. dxe4 Rxe4 {[%emt 0:00:06] White must now prevent ...Rh4.} 25. Kg1 {[%emt 0:00:
01] [#]} Rf4 26. b3 $2 (26. g3 Rxf3 27. Bxf3
Qxf3 28. Qf2) 26... g4 {[%emt 0:04:11][%cal Ye3g2,Yg5g4,Yg4f3] Hoping for ...
Nxg2!} 27. Bb2 (27. Rf1 $142) 27... Re8 28.
g3 gxf3 29. gxf4 (29. Bxf3
$19 Rxf3 30. Qxd4 Qxd4 31. Bxd4) 29... Qg6+ {[%emt 0:00:00] Weighted Error
Value: White=0.54/Black=0.09 (flawless)} 0-1

[Event "44th Chess Olympiad Open 2022"]
[Site "Chennai"]
[Date "2022.07.31"]
[Round "3.13"]
[White "Mousavi, Seyed Khalil"]
[Black "Blagojevic, Dragisa"]
[Result "1/2-1/2"]
[WhiteElo "2537"]
[BlackElo "2499"]
[Annotator "RC"]
[PlyCount "116"]
[EventDate "2022.??.??"]
[TimeControl "60"]

1. e4 e5 2. Nf3 Nc6 3. Bb5 a6 4. Ba4 Nf6 5. Nc3 b5 6. Bb3 Be7 7. d3 d6 8. a3 O-O 9. Nd5 Nxd5 10. Bxd5 Bd7 11. h4 Rb8 12. Ng5 h6 13.
Qh5 Qe8 14. Be3 Nd8 15. Qg6 Bxg5 16. hxg5 Be6 17. Qh5 Kh7 18. Qf3 f6 19. Bxe6 Nxe6 20. Qf5+ Kg8 21. gxh6 g6 22. h7+ Kf7 23. Qg4 Rh8 24. Kd2 Nf8 25. f4 exf4 26. Qxf4 Qe5 27. Qf2 Re8 28. Raf1 Rxh7 29. g4 Rxh1 30. Rxh1 Ke7 31. c3 Kd8 32. Kc2 Nd7 33. Rh6 Rg8 34. b3 Qe6 35. g5 Kc8 36. Qg2 Kb8 37. Qh3 Qxh3 38.
Rxh3 fxg5 39. Bxg5 Rf8 40. d4 Rf2+ 41. Kd3 Rg2 42. Be3 Kb7 43.
Rf3 a5 44. Rf7 Kc8 45. Re7 Nb6 46. Rf7 a4 47. bxa4 Nxa4 48. e5 Nb2+ 49. Ke4 Nc4 50. e6 Re2 51. Rf8+ Kb7 52. Rf3 Kc8 53. Kd3 Rxe3+ 54. Rxe3 Nxe3 55. Kxe3 d5 56. Kf4 Kd8 57. Kg5 Ke7 58. Kxg6 Kxe6 1/2-1/2

[Event "44th Chess Olympiad Open 2022"]
[Site "Chennai"]
[Date "2022.07.31"]
[Round "3.13"]
[White "Draskovic, Luka"]
[Black "Idani, Pouya"]
[Result "0-1"]
[WhiteElo "2503"]
[BlackElo "2641"]
[Annotator "RC"]
[PlyCount "102"]
[EventDate "2022.??.??"]
[TimeControl "60"]

1. e4 c6 2. d4 d5 3. Nc3 dxe4 4. Nxe4 Nf6 5. Nxf6+ exf6 6. c3 Bd6 7. Bd3 O-O 8. Qc2 Re8+ 9. Ne2 h5 10. O-O h4 11. h3 Nd7 12. Bd2 Nf8 13.
Rae1 Bc7 14. Qc1 Be6 15. Bf4 Bxa2 16. Bxc7 Qxc7 17. c4 a5 18. Qc3 a4 19. Nc1 Bb3 20. Nxb3 axb3 21. Qxb3 Ne6 22. Qc3 Qa5 23. Re4 g5 24. Rfe1 Red8 25. Bf1 Kg7 26. Rb1 Rd7 27. c5 Qd8 28. Rd1 f5 29. d5+ Qf6 30. Re5 Nxc5 31. f4 Ne4 32. Qe3 Rad8 33. Bc4 cxd5 34. Rdxd5 Rxd5 35. Bxd5 gxf4 36. Qxf4 Ng3 37. Kh2 Nf1+ 38. Kg1 Ng3 39. Kh2 b6 40. Bf3 Rd2 41. Rb5 Rf2 42. Rb4 Ne2 43. Qc7 Qg5 44. Bg4 Qe3 45. Bxe2 Qxe2 46. Qc3+ f6 47. Qc7+ Kg6 48. Qc6 Qe5+ 49. Kg1 Qe1+ 50. Kh2 Qxb4 51. Qe8+ Kg7 0-1

[Event "44th Chess Olympiad Open 2022"]
[Site "Chennai"]
[Date "2022.07.31"]
[Round "3.14"]
[White "Abdusattorov, Nodirbek"]
[Black "Sebenik, Matej"]
[Result "1-0"]
[WhiteElo "2688"]
[BlackElo "2512"]
[Annotator "TA"]
[PlyCount "83"]
[EventDate "2022.??.??"]
[TimeControl "60"]

1. e4 c6 2. d4 d5 3. e5 Bf5 4. Nd2 e6 5. Nb3 Nd7 6. Nf3 a6 {[%emt 0:01:41] B12: Caro-Kann: Advance Variation.
} 7. Be2 h6 8. O-O c5 {
[%emt 0:00:14] White has an edge.} 9. Re1 Rc8 (9... c4 $5 10. Nbd2 Ne7 $11) 10. c3 {[%emt 0:01:20] [#]} Bh7
$146 ({Predecessor:} 10... Ne7 11. Be3 cxd4 12. Nfxd4 Bg6 13.
f4 Nf5 14. Nxf5 Bxf5 15. Nd4 Be4 16. Rc1 Be7 {0-1 (31) Salgado Lopez,I (2584)
-Iturrizaga Bonelli,E (2607) chess24.com INT 2020}) 11. dxc5 Bxc5 12. Nfd4 Ne7 13. Nxc5 Nxc5 14. a4 O-O 15. Be3 Nf5 16. Nxf5 Bxf5 17. Bd4 Nd7 (17... Qg5
{seems wilder.} 18. b4 Ne4 19. Qc1 Qxc1 20. Rexc1 a5) 18. Rc1 Rc6 19. Bf1 Nb6 20. b3 Qe7 21. a5 Nd7 22. b4 Rfc8 23. Qd2 Qg5 24. Qb2 Be4 25. c4 Qg6 (25... Rxc4 $2
26. Rxc4 Rxc4 27. Rxe4 $18) 26. c5 Bd3 27.
Rc3 Bxf1 28. Rxf1 R6c7 29. f4 {[%emt 0:00:09][%cal Yf4f5] And
now f5! would win.} Nb8 30. f5 exf5 31. e6 $1 fxe6 {[%emt 0:00:03] Hoping for ...Nc6.} 32.
Rg3 Qh7 33. Qe2 Re8 {
[%emt 0:01:18][%cal Ye6e5] [#] ...e5! is the strong threat.} 34. Be5 $36 {
[%emt 0:00:02] White is pushing.} Rf7 (34... Rce7 $11 {
keeps the balance.}) 35. Bxb8 $16 {[%emt 0:00:00] White is much more active.}
Rxb8 36. Qxe6 Rbf8 (36... f4
$142) 37. Rg6 ({Don't play} 37. Qxd5 $6 Kh8 $14) 37... Kh8 {
[%emt 0:00:07] [#]} 38. Rf4 $1 Rf6 39. Rxf6 Rxf6 40. Qxd5 g6 $2 (40... Qg8 $16 41. Qxb7 Qe6) 41. Qd8+ $18 Kg7 42. Rd4 {[%emt 0:00:32] Weighted Error Value: White=0.03 
(flawless) /Black=0.15 (very precise)} 1-0

[Event "44th Chess Olympiad Open 2022"]
[Site "Chennai"]
[Date "2022.07.31"]
[Round "3.14"]
[White "Sindarov, Javokhir"]
[Black "Borisek, Jure"]
[Result "1-0"]
[WhiteElo "2629"]
[BlackElo "2577"]
[Annotator "RC"]
[PlyCount "81"]
[EventDate "2022.??.??"]
[TimeControl "60"]

1. e4 e5 2. Nf3 Nc6 3. Bc4 Bc5 4. Nc3 Nf6 5. d3 h6 6. O-O O-O 7. h3 a6 8. Be3 d6 9. a4 Bxe3 10. fxe3 Be6 11. Nd2 Na5 12. Ba2 Nc6 13. Bc4 Na5 14. Bxe6 fxe6 15. d4 Nc6 16. Nf3 exd4 17. exd4 d5 18. Qd3 Nh5 19. Ne2 Nf4 20. Nxf4 Rxf4 21. e5 Qe7 22. c3 Raf8 23. b4 Qf7 24. b5 Na5 25. bxa6 bxa6 26. Nd2 Ra8 27. Rxf4 Qxf4 28. Rf1 Qg5 29. c4 Nxc4 30. Nxc4 dxc4 31. Qxc4 Qe7 32. a5 Qd7 33. Kh1 Kh8 34. Rb1 c6 35. Rb6 Rd8 36. Rxa6 Qxd4 37. Qxd4 Rxd4 38. Rxc6 Ra4 39. a6 Kg8 40. Rxe6 Ra5 41. Rb6 1-0

[Event "44th Chess Olympiad Open 2022"]
[Site "Chennai"]
[Date "2022.07.31"]
[Round "3.14"]
[White "Subelj, Jan"]
[Black "Yakubboev, Nodirbek"]
[Result "1/2-1/2"]
[WhiteElo "2498"]
[BlackElo "2620"]
[Annotator "RC"]
[PlyCount "57"]
[EventDate "2022.??.??"]
[TimeControl "60"]

1. e4 e5 2. Nf3 Nc6 3. Bb5 a6 4. Ba4 Nf6 5. O-O Nxe4 6. d4 b5 7. Bb3 d5 8. dxe5 Be6 9. Qe2 Nc5 10. Rd1 Nxb3 11. axb3 Be7 12. c4 O-O 13. Nc3 Nb4 14. cxd5 Nxd5 15. Ne4 Qe8 16. Bg5 f6 17. Nd4 fxg5 18. Nxe6 Nf4 19. Nxf4 Rxf4 20. Rac1 Qg6 21. Ng3 Raf8 22. Qe3 c5 23. Rd2 h5 24. Re2 g4 25. Ne4 R4f5 26. Ng3 Rf4 27. Ne4 R4f5 28. Ng3 Rf4 29. Ne4 1/2-1/2

[Event "44th Chess Olympiad Open 2022"]
[Site "Chennai"]
[Date "2022.07.31"]
[Round "3.14"]
[White "Markoja, Boris"]
[Black "Vokhidov, Shamsiddin"]
[Result "1/2-1/2"]
[WhiteElo "2452"]
[BlackElo "2552"]
[Annotator "RC"]
[PlyCount "64"]
[EventDate "2022.??.??"]
[TimeControl "60"]

1. d4 Nf6 2. g3 d5 3. Bg2 Bf5 4. Nf3 e6 5. c4 c6 6. Nc3 Be7 7. O-O O-O 8. b3 Ne4 9. Bb2 Nd7 10. Qc1 a5 11. Rd1 Qc7 12. Nd2 Nxc3 13. Qxc3 Bb4 14. Qc1 a4 15. Bc3 Qa5 16. Bxb4 Qxb4 17. a3 Qb6 18. Qb2 axb3 19. cxd5 exd5 20. Nxb3 Ra4 21. Ra2 Rfa8 22. f3 Qa7 23. Rda1 b5 24. Qc1 b4 25. Qxc6 bxa3 26. g4 Be6 27. e3 Nb6 28. Bf1 Bd7 29. Qd6 Nc8 30.
Qc5 Nb6 31. Qd6 Nc8 32. Qc5 Nb6 1/2-1/2

[Event "44th Chess Olympiad Open 2022"]
[Site "Chennai"]
[Date "2022.07.31"]
[Round "3.15"]
[White "Fressinet, Laurent"]
[Black "Salinas Herrera, Pablo"]
[Result "1-0"]
[WhiteElo "2631"]
[BlackElo "2526"]
[Annotator "RC"]
[PlyCount "51"]
[EventDate "2022.??.??"]
[TimeControl "60"]

1. d4 d5 2. c4 e6 3. Nf3 Nf6 4. g3 Bd6 5. Bg2 O-O 6. O-O b6 7. Nc3 Bb7 8. Ne5 c5 9. Bf4 Na6 10. Rc1 Qe7 11. Nb5 Bb8 12. Bg5 dxc4 13. Bxf6 gxf6 14. Bxb7 Qxb7 15. Nxc4 Rd8 16. e3 Kh8 17. Qh5 cxd4 18. Qh6 Be5 19. exd4 Rxd4 20. Nxe5 fxe5 21. Nxd4 exd4 22. Qf6+ Kg8 23.
Rfd1 Rc8 24. Qg5+ Kf8 25. Rxc8+ Qxc8 26. Rxd4 1-0

[Event "44th Chess Olympiad Open 2022"]
[Site "Chennai"]
[Date "2022.07.31"]
[Round "3.15"]
[White "Lagarde, Maxime"]
[Black "Perez Gormaz, Matias"]
[Result "1-0"]
[WhiteElo "2631"]
[BlackElo "2387"]
[Annotator "RC"]
[PlyCount "81"]
[EventDate "2022.??.??"]
[TimeControl "60"]

1. c4 e5 2. g3 Nf6 3. Bg2 h6 4. b3 Bc5 5. Bb2 O-O 6. e3 Nc6 7. a3 a6 8. Nc3 d6 9. Nge2 Ba7 10. O-O Bd7 11. f4 Rb8 12. Rc1 Re8 13. Nd5 Nh7 14. b4 exf4 15. gxf4 Ne7 16. Ng3 c6 17. Nxe7+ Qxe7 18. Nh5 g6 19. Ng3 f5 20. b5 Bc5 21. Qb3 Nf6 22. d4 Bb6 23. c5+ Be6 24. d5 Bxc5 25.
dxe6 Qxe6 26. Qxe6+ Rxe6 27. Bd4 axb5 28. Bxc5 dxc5 29. e4 fxe4 30. Rxc5 Re7 31. Re5 Rbe8 32. Rxe7 Rxe7 33. Nxe4 Rxe4 34. Bxe4 Nxe4 35. Re1 Nf6 36. Re7 Nd5 37. Rxb7 Nxf4 38. Kf2 Nd5 39. Kf3 Nc3 40. Kf4 Nb1 41. a4 1-0

[Event "44th Chess Olympiad Open 2022"]
[Site "Chennai"]
[Date "2022.07.31"]
[Round "3.15"]
[White "Henriquez Villagra, Cristobal"]
[Black "Moussard, Jules"]
[Result "0-1"]
[WhiteElo "2620"]
[BlackElo "2672"]
[Annotator "ChessBase"]
[PlyCount "70"]
[EventDate "2022.??.??"]
[TimeControl "60"]

1. d4 Nf6 2. Nf3 e6 3. Bf4 d5 4. Nbd2 c5 5. e3 Nc6 6. c3 Nh5 7. Be5 f6 8. Bg3 g6 9. Be2 Bd7 10. Qc2 cxd4 11. Nxd4 Nxg3 12. hxg3 Qc7 13. Rc1 Nxd4 14. exd4 O-O-O 15. Nf1 Kb8 16. Ne3 f5 17. Qd2 h5 18. c4 Bc6 19. Bf3 f4 20. gxf4 Qxf4 21. cxd5 exd5 22. Qd3 Bg7 23. Qb3 Rd6 24. O-O Bxd4 25. Rxc6 Rxc6 26. Nxd5 Qe5 27. Qb4 Bc5 28. Qd2 Rd8 29. Rd1 g5 30. Re1 Qd4 31. Qxg5 Qxf2+ 32. Kh2 Rcc8 33. Rd1 Bd6+ 34. Kh1 Qg3 35. Qxg3 Bxg3 0-1